 Dungeon Crawl Stone Soup version 0.29-a0-322-g68df515428 (webtiles) character file.

Game seed: 9412377159202637876

23807 spaghetti the Basher (level 12, -16/92 HPs)
             Began as a Demonspawn Berserker on Apr 5, 2022.
             Was an Elder of Trog.
             Demolished by a two-headed ogre
             ... wielding a +0 giant club
              (18 damage)
             ... on level 12 of the Dungeon.
             The game lasted 00:23:40 (14298 turns).

spaghetti the Basher (Demonspawn Berserker)        Turns: 14298, Time: 00:23:40

Health: -16/92     AC: 16    Str: 21    XL:     12   Next: 75%
Magic:  12/12      EV: 20    Int: 14    God:    Trog [****..]
Gold:   797        SH:  0    Dex: 15    Spells: 11/11 levels left

rFire   . . .      SeeInvis .   j - +7 demon whip (venom) {mace}
rCold   . . .      Faith    .   (no shield)
rNeg    . . .      Spirit   .   x - +3 troll leather armour {Snorg}
rPois   +          Reflect  .   (no helmet)
rElec   .          Harm     .   U - +0 cloak {rPois}
rCorr   .          Rampage  .   (no gloves)
Will    .....                   I - +0 pair of boots
Stlth   +.........              J - amulet of magic regeneration {@e2}
HPRegen 1.05/turn               y - +6 ring of intelligence
MPRegen 0.66/turn               L - +4 ring of slaying

@: mighty, agile, sanguine armoured, on berserk cooldown, studying Shields
A: powered by pain 3, magic regeneration, sanguine armour 1, weakness stinger 2
a: Renounce Religion, Berserk, Trog's Hand, Brothers in Arms


You were on level 12 of the Dungeon.
You worshipped Trog.
Trog was greatly pleased with you.
You visited 1 branch of the dungeon, and saw 13 of its levels.

You collected 909 gold pieces.
You spent 112 gold pieces at shops.


Innate Abilities, Weirdness & Mutations

You are powered by pain.
You regenerate magic rapidly.
When seriously injured, your blood forms armour. (AC +6)
You have a tail ending in a sharp stinger.


   Skills:
 + Level 8.1 Fighting
 - Level 14.0 Maces & Flails
 + Level 7.7 Throwing
 + Level 7.1 Armour
 + Level 7.0 Dodging
 - Level 3.0 Evocations


You had 11 spell levels left.
You didn't know any spells.
Your spell library contained the following spells:

 Spells                   Type           Power      Damage    Failure   Level
 Beastly Appendage        Tmut           0%         N/A       32%         1
 Freeze                   Ice            0%         1d3       32%         1
 Wereblood                Tmut           0%         N/A       45%         2
 Frozen Ramparts          Ice            0%         1d2       69%         3
 Spider Form              Tmut/Pois      0%         N/A       69%         3
 Summon Guardian Golem    Hex/Summ       0%         N/A       69%         3
 Hailstorm                Conj/Ice       0%         3d3       97%         4
 Orb of Destruction       Conj           0%         9d5       100%        7
 Spellforged Servitor     Conj/Summ      0%         N/A       100%        7

Inventory:

Hand Weapons
 j - a +7 demon whip of venom (weapon) {mace}
   (You took it off Amaemon on level 9 of the Dungeon)
 V - the +6 mace of the Leaping Butterfly {venom, rF+ Will+ rCorr, mace}
   (You found it on level 11 of the Dungeon)

   It poisons the flesh of those it strikes.
   rF:        It protects you from fire.
   rCorr:     It protects you from acid and corrosion.
   Will:      It increases your willpower.
Missiles
 c - 441 stones (quivered) {throwing}
 q - 23 poisoned darts {throwing}
 r - 5 throwing nets {=f!fthrowing}
 D - 6 boomerangs {throwing}
 F - 7 curare-tipped darts {=fthrowing}
 P - 6 atropa-tipped darts {throwing}
Armour
 b - a +0 animal skin
 f - a +0 cloak
   (You found it on level 1 of the Dungeon)
 x - a +3 troll leather armour (worn) {Snorg}
   (You found it on level 11 of the Dungeon)
 A - a +0 plate armour
   (You found it on level 3 of the Dungeon)
 I - a +0 pair of boots (worn)
   (You found it on level 6 of the Dungeon)
 O - +0 swamp dragon scales
   (You took it off Maggie on level 7 of the Dungeon)
 U - a +0 cloak of poison resistance (worn)
   (You took it off Maurice on level 9 of the Dungeon)
Magical Staves
 k - a staff of fire {forbidden!astaff}
   (You found it on level 1 of the Dungeon)
 W - a staff of death {forbidden!astaff}
   (You found it on level 11 of the Dungeon)
Jewellery
 y - a +6 ring of intelligence (left hand)
   (You found it on level 3 of the Dungeon)
 J - an amulet of magic regeneration (around neck) {@e2}
   (You found it on level 7 of the Dungeon)
 L - a +4 ring of slaying (right hand)
   (You found it on level 7 of the Dungeon)
 S - a ring of ice
   (You found it on level 8 of the Dungeon)
Wands
 i - a wand of polymorph (8)
   (You took it off Sigmund on level 5 of the Dungeon)
 E - a wand of paralysis (7)
   (You found it on level 4 of the Dungeon)
 Q - a wand of flame (26)
   (You took it off Maurice on level 9 of the Dungeon)
 T - a wand of iceblast (10)
   (You found it on level 8 of the Dungeon)
Scrolls
 a - 2 scrolls of immolation {!r!r}
 g - a scroll of fear
 h - 3 scrolls of amnesia
 l - 3 scrolls of magic mapping {!r}
 n - 7 scrolls of blinking {!r}
 t - 5 scrolls of teleportation {@r4}
 u - 2 scrolls of noise {!r}
 B - a scroll of torment {!r}
 C - a scroll of silence {!r}
 G - 3 scrolls of fog
 H - a scroll of brand weapon
 R - 2 scrolls of vulnerability {!r!r}
 Z - a scroll of enchant armour
Potions
 d - a potion of cancellation {unknown}
 e - 3 potions of degeneration {!q@e2}
 m - 7 potions of curing {@q1}
 o - a potion of lignification {unknown}
 p - 3 potions of ambrosia
 s - a potion of mutation {unknown}
 v - a potion of might {unknown}
 w - 3 potions of berserk rage {unknown}
 z - 3 potions of attraction {unknown}
 K - 2 potions of brilliance {unknown}
 M - 4 potions of heal wounds {unknown}
 N - a potion of invisibility {unknown}

Dungeon Overview and Level Annotations

Branches:
Dungeon (13/15) Temple (0/1) D:5 Lair (0/6) D:10 Orc (0/2) D:10 Vaults (0/5) D:12 D:13

Altars:
Trog
Vehumet
Beogh

Shops:
D:7 *   D:12 (

Annotations:
D:4 1 transporter, zishaf's ghost, weakling SpDe
D:5 1 runed translucent door, dianekeaton's ghost, novice HOFi
D:12 2 transporters, yahweh's ghost, journeyman MiBe

##...≈≈≈≈≈≈≈##
##∩##≈≈≈≈≈≈≈≈##
##.≈≈≈≈≈≈≈≈≈≈≈###########
'.≈≈≈≈≈≈≈≈≈≈....##......#
#.≈≈≈≈≈≈≈≈.#..#.##.####.#
....#.≈≈≈≈.#..#.##.# #.#
##..#.##≈÷.#....##.####.#
##..#......##.#pp†......#
..............pO@†.######
###.##.........p####
###.##.###.##+###
..[....# #.....# ....##.#
#.....# ###....# #.....#
#....#####.....#
###.........).## #
#...##......#


You could see a two-headed ogre and 4 humans.


Message History

You thrash the human!!
You kill the human!
Trog accepts your kill.
Your Dodging skill increases to level 7! 😮 HP[+1]
You barely miss the human. You tail-slap the human! You thrash the human!!
You kill the human!
Trog accepts your kill.
Unknown command.
You start resting.
You feel a strong urge to attack something.
You are no longer berserk.
You are exhausted.
You feel yourself slow down.
Your blood armour dries and flakes away. 😎 HP[+15]
You now have 92 max hp (-46).
Your hp is fully restored (92).
Unknown command.
Unknown command.
Unknown command.
Items here: ) [ ††.
Partly explored, unvisited transporter.
Partly explored, unvisited transporter.
Partly explored, unvisited transporter.
Partly explored, unvisited transporter.
Unknown command.
(D) Dungeon (T) Temple (L) Lair (O) Orcish Mines (V) Vaults
Where to? (Enter - D:13, ? - help)
There is a stone staircase leading down, spattered with blood here.
You feel yourself speed up.
You climb downwards.
The two-headed ogre shouts in stereo!
The centaur warrior shoots an arrow.
The arrow hits you!
The centaur warrior shoots an arrow.
The arrow hits you!
The human hits you but does no damage. x2; The human closely misses you.
The human misses you.
There is a stone staircase leading up, spattered with blood here. 😕 HP[-22]
You take 22 damage, and now have 70/92 hp.
MASSIVE DAMAGE!! (PAUSE) Unknown command.
Unknown command.
The human barely misses you.
The two-headed ogre hits you with a +0 giant club!
The two-headed ogre hits you with a +0 giant spiked club!
Your blood congeals into armour.
The human hits you.
* * * LOW HITPOINT WARNING * * *
The human hits you.
* * * LOW HITPOINT WARNING * * *
The human misses you. x2; The human barely misses you.
The human hits you.
* * * LOW HITPOINT WARNING * * *
You climb upwards.
Level annotation: 2 transporters, yahweh's ghost, journeyman MiBe
There is a stone staircase leading down, spattered with blood here. 😨 HP[-30]
You take 30 damage, and now have 40/92 hp.
MASSIVE DAMAGE!! (PAUSE)
You punish the human, causing immense pain!!!
You kill the human!
Trog accepts your kill. The human completely misses you.
The human closely misses you. The human misses you.
The human closely misses you. 😨 HP[+1]
You thrash the human!!
The human looks as sick as possible!
The two-headed ogre closely misses you.
The two-headed ogre hits you but does no damage.
You whack the human!
You kill the human!
Trog accepts your kill.
The human hits you but does no damage. x2; The human hits you.
* * * LOW HITPOINT WARNING * * *
The human hits you but does no damage.
Unknown command.
You barely miss the human.
Your tail-slap misses the human.
You whack the human! The human hits you but does no damage.
The human closely misses you. The human misses you.
The human completely misses you.
The two-headed ogre hits you with a +0 giant club.
* * * LOW HITPOINT WARNING * * *
The two-headed ogre hits you with a +0 giant spiked club!!
* * * LOW HITPOINT WARNING * * *
😱 HP[-22]
You take 22 damage, and now have 19/92 hp.
MASSIVE DAMAGE!! (PAUSE)
You thrash the human!!
You kill the human!
Trog accepts your kill.
Unknown command.
You fail to use your ability.
The human completely misses you. The human hits you!
* * * LOW HITPOINT WARNING * * *
The human misses you.
The two-headed ogre hits you with a +0 giant club!
* * * LOW HITPOINT WARNING * * *
You focus on the pain.
You feel agile all of a sudden.
The two-headed ogre hits you with a +0 giant spiked club!!
You die...

Skill      XL: |  1  2  3  4  5  6  7  8  9 10 11 12 |
---------------+-------------------------------------+-----
Maces & Flails | 3 4 5 6 9 13 14 | 14.0
Throwing       | 1 2 3 4 5 6 7 |  7.7
Armour         | 2 3 4 5 6 7 |  7.1
Dodging        | 2 3 4 5 6 7 |  7.0
Evocations     | 1 2 3 |  3.0
Fighting       | 4 5 6 7 8 |  8.1

Action                   |  1- 3 |  4- 6 |  7- 9 | 10-12 || total
-------------------------+-------+-------+-------+-------++-------
Melee: Whip              |    91 |   175 |   354 |    51 ||   671
       Punch             |       |     3 |     6 |     5 ||    14
       Tailslap          |       |     8 |    63 |    68 ||   139
       Demon whip        |       |       |       |   345 ||   345
       Short sword       |       |       |       |    19 ||    19
Throw: Stone             |    71 |    37 |    35 |    44 ||   187
       Dart              |       |       |    17 |       ||    17
Invok: Berserk           |     2 |     4 |    13 |    20 ||    39
       Trog's Hand       |       |       |       |     3 ||     3
  Use: Potion            |       |       |       |     4 ||     4
       Scroll            |       |       |       |    22 ||    22
 Stab: Sleeping          |       |     1 |       |       ||     1
Armor: Animal skin       |    19 |    10 |       |       ||    29
       Plate armour      |       |    41 |   178 |       ||   219
       Swamp dragon scal |       |       |    18 |   125 ||   143
       Troll leather arm |       |       |       |    31 ||    31
Dodge: Dodged            |    61 |    52 |   110 |   203 ||   426

Levels and vault maps discovered:
D:1:      evilmike_arrival_rings, layout_rooms, minmay_unequal
D:2:      layout_basic, minmay_between
D:3:      layout_loops_ring, ebering_ecumenical_altar_petrified
D:4:      layout_basic, gammafunk_ghost_mausoleum
D:5:      layout_basic, mainiacjoe_overflow_cross_hatched,
          minmay_temple_entry_glassed_door, hellmonk_ghost_happy_afterlife,
          uniq_blork_the_orc, uniq_grinder, uniq_prince_ribbit1, uniq_sigmund
D:6:      cheibrodos_thug_alley, layout_rooms, nicolae_ossuary_entry_catacombs
D:7:      layout_basic, serial_shops, nicolae_square_shop, minmay_misc_feat_iff,
          st_stairs_9, uniq_maggie, uniq_menkaure
D:8:      layout_gridville, minmay_misc_feat_ornament
D:9:      layout_loops_cross, kennysheep_small_circle, uniq_maurice,
          uniq_amaemon, uniq_harold
D:10:     layout_rooms, due_lair_maze_entry_diamond,
          minmay_orc_entry_temple_small, blue_anna_alchemist, uniq_erica
D:11:     cheibrodos_breeding_chamber, layout_cave_pools, uniq_snorg
D:12:     layout_basic, serial_shops, shop, gammafunk_ghost_wrathful_warriors,
          minivault_19
D:13:     layout_basic, david_vaults_3, uniq_sonja

Notes
Turn   | Place    | Note
-------+----------+-------------------------------------------
     0 | D:1      | spaghetti the Demonspawn Berserker began the quest for the
                  | Orb.
     0 | D:1      | Reached XP level 1. HP: 18/18 MP: 1/1
     0 | D:1      | magus.rc [v1.9.6]
   315 | D:1      | Reached skill level 3 in Maces & Flails
   356 | D:1      | Gained mutation: You regenerate magic rapidly. [demonic
                  | ancestry]
   356 | D:1      | Reached XP level 2. HP: 19/24 MP: 2/2
   900 | D:1      | Gained mutation: You sometimes gain a little power by
                  | taking damage. [demonic ancestry]
   900 | D:1      | Reached XP level 3. HP: 22/29 MP: 3/3
   995 | D:1      | You pick up a book of Dangerous Friends {forbidden} and
                  | begin reading...
   995 | D:1      | You add the spells Summon Guardian Golem, Orb of
                  | Destruction and Spellforged Servitor to your library.
  1043 | D:1      | Reached skill level 4 in Maces & Flails
  1325 | D:2      | Reached ** piety under Trog
  1457 | D:2      | Reached skill level 1 in Throwing
  1464 | D:2      | Gained mutation: When seriously injured, your blood forms
                  | armour. (AC +6) [demonic ancestry]
  1464 | D:2      | Reached XP level 4. HP: 31/35 MP: 4/4
  1989 | D:2      | Reached skill level 2 in Throwing
  2677 | D:3      | Reached XP level 5. HP: 41/41 MP: 5/5
  2808 | D:3      | Found a faded altar of an unknown god.
  2907 | D:3      | You pick up a book of Frost {forbidden} and begin
                  | reading...
  2907 | D:3      | You add the spells Freeze, Frozen Ramparts and Hailstorm to
                  | your library.
  3461 | D:4      | Reached skill level 2 in Armour
  3461 | D:4      | Reached skill level 2 in Dodging
  3698 | D:4      | Reached skill level 3 in Throwing
  3698 | D:4      | Reached skill level 1 in Evocations
  3698 | D:4      | Gained mutation: You have a small tail. [demonic ancestry]
  3698 | D:4      | Reached XP level 6. HP: 41/47 MP: 6/6
  3803 | D:4      | Reached *** piety under Trog
  3938 | D:4      | Noticed an orc warrior
  3946 | D:4      | Killed an orc warrior
  4271 | D:4      | Found a transporter.
  4273 | D:4      | Noticed zishaf's ghost (weakling SpDe)
  4645 | D:5      | Entered Level 5 of the Dungeon
  4645 | D:5      | Noticed Blork the orc
  4645 | D:5      | Noticed Prince Ribbit
  4655 | D:4      | HP: 15/70 [Prince Ribbit (12)]
  4663 | D:4      | Killed Prince Ribbit
  4664 | D:4      | Reached skill level 2 in Evocations
  4664 | D:4      | Reached XP level 7. HP: 12/53 MP: 7/7
  4908 | D:4      | Reached skill level 4 in Throwing
  4993 | D:5      | Killed Blork the orc
  4994 | D:5      | Reached skill level 5 in Maces & Flails
  5228 | D:5      | Noticed dianekeaton's ghost (novice HOFi)
  5247 | D:5      | Found a runed translucent door.
  5251 | D:5      | Noticed Grinder
  5259 | D:5      | Killed Grinder
  5260 | D:5      | Reached skill level 4 in Fighting
  5260 | D:5      | Reached skill level 3 in Armour
  5260 | D:5      | Reached skill level 3 in Dodging
  5323 | D:5      | Found a radiant altar of Vehumet.
  5411 | D:5      | Reached XP level 8. HP: 60/60 MP: 8/8
  5612 | D:5      | Noticed Sigmund
  5632 | D:5      | Killed Sigmund
  5633 | D:5      | Reached skill level 3 in Evocations
  5689 | D:5      | Reached skill level 5 in Throwing
  5911 | D:5      | Found a staircase to the Ecumenical Temple.
  6173 | D:6      | Reached skill level 4 in Armour
  6356 | D:6      | Reached skill level 5 in Fighting
  6356 | D:6      | Reached skill level 4 in Dodging
  6456 | D:6      | Reached skill level 6 in Maces & Flails
  6456 | D:6      | Gained mutation: You sometimes gain power by taking damage.
                  | [demonic ancestry]
  6456 | D:6      | Reached XP level 9. HP: 36/68 MP: 9/9
  8108 | D:7      | You pick up a book of Changes {forbidden} and begin
                  | reading...
  8108 | D:7      | You add the spells Beastly Appendage, Wereblood and Spider
                  | Form to your library.
  8124 | D:7      | Found Tycaph's General Store.
  8133 | D:7      | Bought a scroll of enchant weapon for 112 gold pieces
  8141 | D:7      | Noticed Menkaure
  8153 | D:7      | Killed Menkaure
  8154 | D:7      | Reached skill level 5 in Armour
  8519 | D:7      | Noticed Maggie
  8535 | D:7      | Killed Maggie
  8536 | D:7      | Reached skill level 6 in Fighting
  8536 | D:7      | Reached skill level 6 in Throwing
  8536 | D:7      | Reached skill level 5 in Dodging
  8971 | D:8      | Identified the +6 scimitar of Fear {freeze, +Blink rElec
                  | Will- Dex+5}
  9008 | D:8      | You pick up a book of Changes {forbidden} and begin
                  | reading...
  9369 | D:8      | Reached XP level 10. HP: 71/77 MP: 10/10
  9557 | D:8      | Reached skill level 7 in Maces & Flails
 10082 | D:9      | Noticed Harold
 10096 | D:9      | Killed Harold
 10203 | D:9      | Noticed an orange demon
 10204 | D:9      | Noticed Amaemon
 10219 | D:9      | Killed Amaemon
 10220 | D:9      | Reached skill level 7 in Fighting
 10220 | D:9      | Reached skill level 6 in Armour
 10220 | D:9      | Reached skill level 6 in Dodging
 10224 | D:9      | Killed an orange demon
 10447 | D:9      | Reached skill level 8 in Maces & Flails
 10900 | D:9      | Noticed Maurice
 10909 | D:9      | Killed Maurice
 10910 | D:9      | Reached skill level 9 in Maces & Flails
 11170 | D:10     | Entered Level 10 of the Dungeon
 11186 | D:10     | Noticed a two-headed ogre
 11195 | D:10     | Killed a two-headed ogre
 11196 | D:10     | Gained mutation: You have a tail ending in a sharp stinger.
                  | [demonic ancestry]
 11196 | D:10     | Reached XP level 11. HP: 84/84 MP: 11/11
 11242 | D:10     | Noticed Erica
 11252 | D:10     | Reached skill level 10 in Maces & Flails
 11269 | D:10     | Killed Erica
 11272 | D:10     | Noticed a two-headed ogre
 11281 | D:10     | Killed a two-headed ogre
 11600 | D:10     | Found a staircase to the Lair.
 11661 | D:10     | Noticed a two-headed ogre
 11670 | D:10     | Killed a two-headed ogre
 11671 | D:10     | Reached skill level 11 in Maces & Flails
 11897 | D:10     | Found a staircase to the Orcish Mines.
 11926 | D:10     | Reached **** piety under Trog
 12402 | D:11     | Identified the +6 mace of the Leaping Butterfly {venom, rF+
                  | Will+ rCorr}
 12434 | D:11     | Noticed an eight-headed hydra
 12449 | D:11     | Killed an eight-headed hydra
 12450 | D:11     | Reached skill level 12 in Maces & Flails
 12863 | D:11     | Noticed Snorg
 12863 | D:11     | Noticed a deep elf pyromancer
 12879 | D:11     | Killed Snorg
 12883 | D:11     | Killed a deep elf pyromancer
 12901 | D:11     | HP: 20/84 [something (5)]
 12907 | D:11     | Reached skill level 13 in Maces & Flails
 13270 | D:11     | Noticed a brown ugly thing
 13270 | D:11     | Noticed a red ugly thing
 13270 | D:11     | Noticed a green ugly thing
 13273 | D:11     | Noticed a red ugly thing
 13273 | D:11     | Noticed a green ugly thing
 13273 | D:11     | Noticed a purple ugly thing
 13281 | D:11     | Killed a green ugly thing
 13282 | D:11     | Gained mutation: You are powered by pain. [demonic
                  | ancestry]
 13282 | D:11     | Reached XP level 12. HP: 91/91 MP: 12/12
 13422 | D:11     | Reached skill level 14 in Maces & Flails
 13476 | D:11     | Noticed a brown very ugly thing
 13493 | D:11     | Killed a brown very ugly thing
 13494 | D:11     | Reached skill level 7 in Throwing
 13495 | D:11     | HP: 34/136 [something/fireball (32)]
 13667 | D:12     | Noticed a boulder beetle
 13682 | D:12     | Killed a boulder beetle
 13729 | D:12     | Noticed a four-headed hydra
 13734 | D:12     | Killed a four-headed hydra
 14023 | D:12     | Noticed a two-headed ogre
 14024 | D:12     | Found a bloodstained altar of Trog.
 14024 | D:12     | Noticed a two-headed ogre
 14024 | D:12     | Noticed yahweh's ghost (journeyman MiBe)
 14044 | D:12     | Found a transporter.
 14049 | D:12     | Found a transporter.
 14112 | D:12     | Identified a scroll of acquirement
 14146 | D:12     | Acquired a manual of Shields
 14206 | D:12     | Found Errut's Antique Weapon Shop.
 14230 | D:13     | Noticed a two-headed ogre
 14230 | D:13     | Noticed a centaur warrior
 14230 | D:13     | Found a gate to the Vaults.
 14246 | D:12     | Reached skill level 7 in Armour
 14254 | D:12     | Reached skill level 8 in Fighting
 14256 | D:12     | Reached skill level 7 in Dodging
 14289 | D:13     | Noticed a two-headed ogre
 14296 | D:12     | HP: 19/92 [two-headed ogre/+0 giant club (22)]
 14298 | D:12     | HP: 2/92 [two-headed ogre/+0 giant club (11)]
 14298 | D:12     | Demolished by a two-headed ogre

Vanquished Creatures
  A very ugly thing (D:11)
  Snorg (D:11)
  A boulder beetle (D:12)
  2 hydras
  Harold (D:9)
  2 two-headed ogres (D:10)
  Erica (D:10)
  Amaemon (D:9)
  A deep elf pyromancer (D:11)
  A wizard (D:11)
  An orc knight (D:12)
  6 ugly things (D:11)
  A wolf spider (D:12)
  Maurice (D:9)
  An orange demon (D:9)
  Maggie (D:7)
  A komodo dragon (D:12)
  A kobold demonologist (D:9)
  An unseen horror (D:11)
  A yaktaur (D:12)
  3 trolls
  2 hornets
  Grinder (D:5)
  Prince Ribbit (D:4)
  Sigmund (D:5)
  2 shadows (D:12)
  17 yaks
  9 humans (D:12)
  2 steam dragons
  Menkaure (D:7)
  3 acid dragons
  6 water moccasins
  3 orc warriors
  2 ice beasts
  5 black bears
  3 ogres
  3 centaurs
  A phantom (D:6)
  3 kobold brigands
  Blork the orc (D:5)
  An elf zombie (D:6)
  4 bullfrogs
  2 necrophages (D:5)
  3 scorpions
  A gnoll sergeant (D:10)
  7 wights
  3 killer bees (D:8)
  11 howler monkeys
  An electric eel (D:12)
  3 hounds
  2 human zombies (D:6)
  2 jellies
  6 orc priests
  4 iguanas
  3 orc wizards
  14 gnolls
  9 adders
  A shadow imp (D:4)
  A white imp (D:8)
  A worm (D:4)
  3 dart slugs
  23 orcs
  5 bats
  5 endoplasms
  3 giant cockroaches
  10 hobgoblins
  2 jackals (D:1)
  7 quokkas
  8 ball pythons
  3 frilled lizards
  15 goblins
  13 kobolds
  2 orc skeletons (D:6)
  An orc zombie (D:6)
  4 rats
279 creatures vanquished.

Vanquished Creatures (collateral kills)
  A two-headed ogre (D:10)
  A wyvern (D:10)
2 creatures vanquished.

Vanquished Creatures (others)
  A wizard (D:11)
  35 fungi (D:10)
  26 plants (D:10)
62 creatures vanquished.

Grand Total: 343 creatures vanquished

Table legend:
 A = Non-vault XP
 B = Vault XP
 C = Vault XP percentage of total XP
 D = Non-vault monster count
 E = Vault monster count
 F = Vault count percentage of total count
                 A         B        C        D         E       F
            +---------+---------+-------+---------+---------+-------
      Total |   17531 |   16479 |  48.5 |     201 |      80 |  28.5
            +---------+---------+-------+---------+---------+-------
        D:1 |      49 |       4 |   7.5 |      24 |       3 |  11.1
        D:2 |      81 |      18 |  18.2 |      17 |       4 |  19.0
        D:3 |      64 |       0 |   0.0 |      17 |       0 |   0.0
        D:4 |     511 |     259 |  33.6 |      29 |       1 |   3.3
        D:5 |     671 |     616 |  47.9 |      11 |       3 |  21.4
        D:6 |     771 |     402 |  34.3 |      15 |      18 |  54.5
        D:7 |     385 |     774 |  66.8 |       5 |       5 |  50.0
        D:8 |    1477 |       0 |   0.0 |      21 |       0 |   0.0
        D:9 |    1219 |    2944 |  70.7 |      15 |       6 |  28.6
       D:10 |    4267 |    2550 |  37.4 |      20 |      20 |  50.0
       D:11 |    4512 |    5997 |  57.1 |      17 |       9 |  34.6
       D:12 |    3524 |    2915 |  45.3 |      10 |      11 |  52.4
            +---------+---------+-------+---------+---------+-------

Illustrated notes

Table legend:
 A = Kills in this place as a percentage of kills in entire the game.
 B = Kills by you in this place as a percentage of kills by you in the entire game.
 C = Kills by friends in this place as a percentage of kills by friends in the entire game.
 D = Other kills in this place as a percentage of other kills in the entire game.
 E = Experience gained in this place as a percentage of experience gained in the entire game.
 F = Experience gained in this place divided by the number of levels of this place that you have seen.
                   A       B       C       D       E      F
               +-------+-------+-------+-------+-------+----------------------
         Total | 100.0 | 100.0 | 100.0 |   N/A | 100.0 | 2616.2
       Dungeon | 100.0 | 100.0 | 100.0 |   N/A | 100.0 | 2616.2
               +-------+-------+-------+-------+-------+----------------------

Table legend: (Time is in decaauts)
 A = Elapsed time spent in this place.
 B = Non-inter-level travel time spent in this place.
 C = Inter-level travel time spent in this place.
 D = Time resting spent in this place.
 E = Time spent auto-exploring this place.
 F = Levels seen in this place.
 G = Mean time per level.
                   A        B        C        D        E       F      G
               +--------+--------+--------+--------+--------+-----+--------+
         Total |  14396 |  13828 |    568 |   3903 |   7990 |  13 | 1107.4 |
       Dungeon |  14396 |  13828 |    568 |   3903 |   7990 |  13 | 1107.4 |
               +--------+--------+--------+--------+--------+-----+--------+

Top non-repeatable levels by time:
     D:4: 1937 daAuts
     D:6: 1544 daAuts
    D:10: 1444 daAuts
     D:8: 1335 daAuts
     D:2: 1292 daAuts
     D:1: 1095 daAuts
     D:9: 1082 daAuts
     D:7: 1081 daAuts
    D:11: 1026 daAuts
     D:5: 1022 daAuts
     D:3: 868 daAuts
    D:12: 659 daAuts
    D:13: 6 daAuts
